 Dungeon Crawl Stone Soup version 0.17-a0-1646-geb1493d (webtiles) character file.

301 karlkraus the Covered (level 6, -1/55 HPs)
             Began as a Minotaur Fighter on Aug 12, 2015.
             Killed by divine providence
             ... invoked by an orc priest
              (11 damage)
             ... on level 3 of the Dungeon.
             The game lasted 00:03:03 (1924 turns).

karlkraus the Covered (Minotaur Fighter)            Turns: 1924, Time: 00:03:03

Health: -1/55      AC: 12    Str: 26    XL:     6   Next: 14%
Magic:  5/5        EV:  6    Int:  5    God:
Gold:   126        SH: 10    Dex: 11    Spells: 0 memorised, 5 levels left

rFire  . . .     SeeInvis .     a - +0 flail
rCold  . . .     Clarity  .     m - +0 plate armour
rNeg   . . .     SustAt   .     c - +0 shield
rPois  .         Gourm    .     (helmet restricted)
rElec  .         Spirit   .     (no cloak)
rCorr  .         Warding  .     (no gloves)
rMut   .         Stasis   .     (no boots)
MR     .....                    (no amulet)
Stlth  ..........               (no ring)
                                (no ring)

@: mighty, not resistant to hostile enchantments, extremely unstealthy
A: retaliatory headbutt, horns 2
a: no special abilities


You were on level 3 of the Dungeon.
You were very hungry.

You visited 1 branch of the dungeon, and saw 3 of its levels.

You collected 126 gold pieces.

Inventory:

Hand weapons
 a - a +0 flail (weapon)
Armour
 c - a +0 shield (worn)
 m - a +0 plate armour (worn)
Scrolls
 b - a scroll of magic mapping {unknown}
 f - a scroll of immolation {unknown}
 g - 3 scrolls of remove curse {unknown}
 h - 2 scrolls of teleportation {unknown}
 k - a scroll of fog {unknown}
Potions
 d - 2 potions of might
 j - a potion of haste {unknown}
 n - a potion of brilliance {unknown}
 o - a potion of berserk rage {unknown}
Comestibles
 e - 3 bread rations
 i - 4 beef jerkies
 l - 5 fruits
 p - a slice of pizza


   Skills:
 + Level 4.8 Fighting
 + Level 4.0 Maces & Flails
 + Level 5.2 Armour
 + Level 2.0 Dodging
 + Level 0.5 Stealth
 + Level 5.0 Shields


You had 5 spell levels left.
You didn't know any spells.

Dungeon Overview and Level Annotations

Branches:
Dungeon (3/15)

Altars:
Gozag
Kikubaaqudgha


Innate Abilities, Weirdness & Mutations

You reflexively headbutt those who attack you in melee.
You have a pair of horns on your head.


Message History

You see here a robe.
You bludgeon Grinder!!
You kill Grinder!
Your Maces & Flails skill increases to level 4!
Your Armour skill increases to level 5!
Your Dodging skill increases to level 2!
Your Shields skill increases to level 5!
You have reached level 5!
You have reached level 6!
Your experience leads to an increase in your attributes!
Your base attributes are Str 21, Int 5, Dex 10.
Increase (S)trength, (I)ntelligence, or (D)exterity?
You feel agile.
The orc priest invokes the aid of Beogh against you.
Pain shoots through your body!
* * * LOW HITPOINT WARNING * * *
An orc priest opens the door.
The orc priest calls down the wrath of Beogh upon you.
Something smites you!
You die...

.# .. #..[..# .# ...
####oo...# .###..#
#....oo..##### ..##..#
#............. #.##..#
#............. #..#..#
#...........##
......#####......#.####
......##.##......#.#
.............?..@+..
.........##......#..#
......##.##......# .#
.....>)..........#
###..........#####
............#
.............#
.##........... .
.........##


You could see 2 orc priests and 2 orcs.

Vanquished Creatures
  Grinder (D:3)
  An orc priest (D:3)
  An adder (D:2)
  2 oozes (D:1)
  A worm (D:2)
  2 orcs (D:3)
  2 ball pythons (D:2)
  4 bats
  8 goblins
  4 hobgoblins
  8 jackals
  2 quokkas (D:2)
  3 giant cockroaches
  4 giant newts
  5 kobolds
  5 rats
53 creatures vanquished.

Notes
Turn   | Place    | Note
--------------------------------------------------------------
     0 | D:1      | karlkraus the Minotaur Fighter began the quest for the Orb.
     0 | D:1      | Reached XP level 1. HP: 19/19 MP: 0/0
    96 | D:1      | Reached XP level 2. HP: 18/27 MP: 1/1
   100 | D:1      | Reached skill level 4 in Armour
   792 | D:2      | Reached XP level 3. HP: 29/33 MP: 2/2
   962 | D:2      | Found an ancient bone altar of Kikubaaqudgha.
  1176 | D:2      | Reached skill level 1 in Dodging
  1488 | D:3      | Reached XP level 4. HP: 40/40 MP: 3/3
  1798 | D:3      | Found an opulent altar of Gozag.
  1894 | D:3      | Noticed Grinder
  1902 | D:3      | Paralysed by Grinder for 3 turns
  1916 | D:3      | Killed Grinder
  1916 | D:3      | Reached skill level 5 in Armour
  1916 | D:3      | Reached skill level 5 in Shields
  1916 | D:3      | Reached XP level 5. HP: 20/47 MP: 4/4
  1916 | D:3      | Reached XP level 6. HP: 23/55 MP: 5/5
  1924 | D:3      | Killed from afar by an orc priest

Vault maps used:
D:1:      evilmike_arrival_hilbert_curve
D:2:      lemuel_crystal_altar, minmay_close_crescents
D:3:      lemuel_doored_altar, uniq_grinder

Action                   |  1- 3 |  4- 6 || total
-------------------------+-------+-------++-------
Melee: Flail             |   107 |    25 ||   132
  Use: Potion            |       |     1 ||     1
  Eat: Chunk             |     2 |       ||     2
